 Dungeon Crawl Stone Soup version 0.17-a0-2211-gbb7320e (webtiles) character file.

28543 Ordine the Thaumaturge (level 13, -2/74 HPs)
             Began as a Deep Elf Wizard on Oct 27, 2015.
             Was an Elder of Vehumet.
             Succumbed to a spiny frog's poison
             ... on level 5 of the Lair of Beasts.
             The game lasted 01:44:46 (23570 turns).

Ordine the Thaumaturge (Deep Elf Wizard)           Turns: 23570, Time: 01:44:46

Health: -2/74      AC: 10    Str:  4    XL:     13   Next: 10%
Magic:  0/33       EV: 19    Int: 29    God:    Vehumet [****..]
Gold:   869        SH:  5    Dex: 13    Spells: 7 memorised, 21 levels left

rFire  x . .     SeeInvis .     m - +3 dagger (protect)
rCold  . . .     Clarity  .     l - +2 robe {MR+}
rNeg   . . .     SustAt   .     G - +0 buckler
rPois  .         Gourm    .     b - +1 hat
rElec  +         Spirit   .     (no cloak)
rCorr  +         Warding  .     (no gloves)
rMut   .         Stasis   .     (no boots)
MR     +++++                    g - amulet of resist corrosion
Stlth  ++........               F - ring "Panwet" {Wiz +Blink rElec rF- MR+++}
                                E - +3 ring of evasion

@: lethally poisoned (-2 -> -51), repel missiles, almost entirely resistant to
hostile enchantments, unstealthy
A: electricity resistance
a: Renounce Religion, Evoke Blink


You were on level 5 of the Lair of Beasts.
You worshipped Vehumet.
Vehumet was greatly pleased with you.
You were not hungry.

You visited 3 branches of the dungeon, and saw 17 of its levels.

You collected 869 gold pieces.

Inventory:

Hand Weapons
 m - a +3 dagger of protection (weapon)
 H - a +0 quick blade
Armour
 b - a +1 hat (worn)
 l - a +2 robe of magic resistance (worn)
 C - the +0 leather armour of Weightlessness {rElec rN+}
   (You took it off an orc on level 8 of the Dungeon)

   It insulates you from electricity.
   It protects you from negative energy.
 G - a +0 buckler (worn)
Jewellery
 g - an amulet of resist corrosion (around neck)
 i - an uncursed ring of see invisible
 x - an uncursed ring of positive energy
 y - an uncursed ring of invisibility
 E - a +3 ring of evasion (left hand)
 F - the ring "Panwet" (right hand) {Wiz +Blink rElec rF- MR+++}
   (You took it off Urug on level 1 of the Lair of Beasts)

   [ring of wizardry]

   It improves your spell success rate.
   It makes you vulnerable to fire.
   It insulates you from electricity.
   It affects your resistance to hostile enchantments.
   It lets you blink.
Wands
 q - a wand of lightning (0)
 u - a wand of disintegration (6)
Scrolls
 h - 4 scrolls of teleportation
 k - 3 scrolls of magic mapping
 n - 3 scrolls of fear
 o - 2 scrolls of amnesia
 p - 5 scrolls of remove curse
 r - a scroll of blinking
 s - 4 scrolls of recharging
Potions
 e - a potion of resistance
 f - 3 potions of might
 j - a potion of brilliance
 v - a potion of cancellation
 A - a potion of cure mutation
 B - a potion of flight
 D - a potion of haste
 I - a potion of magic
 K - a potion of invisibility
Books
 c - a book of Minor Magic

   Spells                             Type                      Level
   a - Magic Dart                     Conjuration                  1
   b - Blink                          Translocation                2
   c - Call Imp                       Summoning                    2
   d - Repel Missiles                 Charms/Air                   2
   e - Slow                           Hexes                        2
   f - Conjure Flame                  Conjuration/Fire             3
   g - Mephitic Cloud                 Conjuration/Poison/Air       3
 t - a book of Party Tricks

   Spells                             Type                      Level
   a - Summon Butterflies             Summoning                    1
   b - Apportation                    Translocation                1
   c - Tukima's Dance                 Hexes                        3
   d - Alistair's Intoxication        Transmutation/Poison         4
   e - Invisibility                   Hexes                        6
 w - a book of Dreams

   Spells                             Type                      Level
   a - Ensorcelled Hibernation        Hexes/Ice                    2
   b - Phase Shift                    Translocation                5
   c - Shadow Creatures               Summoning                    5
   d - Silence                        Hexes/Air                    5
   e - Darkness                       Hexes                        6
   f - Mass Confusion                 Hexes                        6
 J - a Necronomicon

   Spells                             Type                      Level
   a - Haunt                          Necromancy/Summoning         7
   b - Borgnjor's Revivification      Necromancy                   8
   c - Death's Door                   Charms/Necromancy            8
   d - Necromutation                  Transmutation/Necromancy     8
Comestibles
 a - 5 meat rations
 d - 9 bread rations
 z - 8 chunks of flesh


   Skills:
 + Level 5.7 Fighting
 + Level 7.2 Short Blades
 + Level 8.6 Dodging
 - Level 2.4 Stealth
 - Level 5.0 Shields
 * Level 14.2 Spellcasting
 + Level 9.1 Conjurations
   Level 1.1 Summonings
 - Level 3.0 Translocations
 + Level 7.3 Fire Magic
 + Level 6.7 Air Magic
 + Level 6.6 Earth Magic


You had 21 spell levels left.
You knew the following spells:

 Your Spells              Type           Power        Failure   Level  Hunger
a - Magic Dart            Conj           ####         1%          1    None
b - Lee's Rapid Deconstr  Erth           ######....   1%          5    None
c - Conjure Flame         Conj/Fire      ######..     1%          3    None
d - Mephitic Cloud        Conj/Pois/Air  ######..     1%          3    None
e - Ignite Poison         Fire/Trmt/Pois ####....     1%          3    None
f - Repel Missiles        Chrm/Air       #####.       1%          2    None
g - Blink                 Tloc           N/A          1%          2    None


Dungeon Overview and Level Annotations

Branches:
Dungeon (11/15)            Temple (1/1) D:6            Lair (5/8) D:10
  Swamp (0/4) Lair:3        Snake (0/4) Lair:5
    Orc: D:9-12

Altars:
Ashenzari
Cheibriados
Dithmenos
Elyvilon
Fedhas
Gozag
Kikubaaqudgha
Nemelex Xobeh
Okawaru
Qazlal
Ru
Sif Muna
Trog
Vehumet
Xom
Yredelemnul
Zin
The Shining One

Annotations:
D:4 Hanibal's ghost, novice DECj
D:11 Harold


Innate Abilities, Weirdness & Mutations

You are resistant to electric shocks.


Message History

Casting: Magic Dart
Confirm with . or Enter, or press ? or * to list all spells.
Aiming: Magic Dart
Press: ? - help, Shift-Dir - straight line, f/p - spiny frog
Aim: a spiny frog (severely wounded)
The magic dart hits the spiny frog.
The spiny frog is almost dead.
* * * LOW HITPOINT WARNING * * *
You feel very sick. You block the spiny frog's attack.
You hit the spiny frog.
The spiny frog is almost dead.
* * * LOW HITPOINT WARNING * * *
You feel sick. The spiny frog stings you.
* * * LOW HITPOINT WARNING * * *
You are more poisoned.
The spiny frog poisons you!
You hit the spiny frog but do no damage.
The spiny frog is almost dead.
You die...

##### #### #.P.###..###
# #..........#...
#..............
#.........#....
##.........# .
#..@......##
#..F......# #........##
.. #...P+..## ###.
##.<..#..# #...
#P..#..#P# #...
###P#....##### ###..+##
#........#
#......#####...........


You could see a spiny frog.

Vanquished Creatures
  Fannar (Lair:1)
  6 hydras
  2 centaur warriors (D:10)
  A tengu warrior (D:10)
  Urug (Lair:1)
  4 black mambas
  2 gargoyles (D:10)
  4 spiny frogs
  3 komodo dragons
  A troll (D:10)
  A trapdoor spider zombie (D:9)
  7 blink frogs
  A wraith (D:10)
  A two-headed ogre (D:9)
  The ghost of Ordine the Magician, an amateur DEWz (D:5)
  Sigmund (D:3)
  8 hippogriffs
  A wyvern (D:10)
  17 yaks
  A basilisk (Lair:1)
  3 fire bats (Lair:3)
  A deep elf mage (D:10)
  Menkaure (D:5)
  11 wolves
  4 vampire mosquitoes
  5 water moccasins
  2 ice beasts
  9 porcupines
  Duvessa (D:5)
  A soldier ant (D:10)
  2 orc warriors
  An eye of draining (D:10)
  A black bear (D:10)
  A wasp (D:10)
  A necrophage (D:8)
  3 sky beasts
  7 ogres
  2 phantoms
  2 centaurs
  8 crocodiles
  25 giant frogs
  A water moccasin zombie (D:10)
  Dowan (D:5)
  A scorpion (D:6)
  16 killer bees
  14 wights
  A quasit (D:8)
  A crimson imp (D:7)
  A giant frog zombie (D:5)
  5 orc priests
  4 giant frog skeletons
  9 hounds
  14 iguanas
  7 worker ants
  9 orc wizards
  A killer bee zombie (D:7)
  6 sheep (Lair:1)
  A hound zombie (D:7)
  10 adders
  20 river rats
  5 shadow imps
  An ooze (D:1)
  An adder zombie (D:9)
  6 worms
  5 giant geckos
  41 orcs
  5 bats
  6 goblins
  3 hobgoblins
  6 jackals
  3 quokkas
  2 ball pythons
  3 giant cockroaches
  A giant gecko zombie (D:7)
  7 giant newts
  2 jackal skeletons
  10 kobolds
  A quokka skeleton (D:4)
  2 quokka zombies
  8 rats
  2 fungi
  A plant (Lair:3)
398 creatures vanquished.

Vanquished Creatures (others)
  A wight (D:10)
  An orc (D:8)
  11 fungi
  5 plants
18 creatures vanquished.

Grand Total: 416 creatures vanquished

Notes
Turn   | Place    | Note
--------------------------------------------------------------
     0 | D:1      | Ordine the Deep Elf Wizard began the quest for the Orb.
     0 | D:1      | Reached XP level 1. HP: 10/10 MP: 7/7
   192 | D:1      | Reached XP level 2. HP: 15/15 MP: 3/9
   255 | D:1      | Learned a level 2 spell: Blink
   258 | D:1      | Learned a level 2 spell: Repel Missiles
   515 | D:1      | Found a glowing golden altar of the Shining One.
   699 | D:2      | Found a sacrificial altar of Ru.
  1036 | D:2      | Reached skill level 5 in Spellcasting
  1323 | D:2      | Reached XP level 3. HP: 19/19 MP: 3/11
  1454 | D:2      | Found a shadowy altar of Dithmenos.
  1811 | D:3      | Noticed Sigmund
  2048 | D:3      | Learned a level 3 spell: Conjure Flame
  2052 | D:3      | Learned a level 3 spell: Mephitic Cloud
  2329 | D:3      | Killed Sigmund
  2329 | D:3      | Reached skill level 6 in Spellcasting
  2329 | D:3      | Reached XP level 4. HP: 24/24 MP: 5/14
  2329 | D:3      | Reached XP level 5. HP: 28/28 MP: 5/15
  2438 | D:3      | Reached skill level 5 in Conjurations
  2890 | D:3      | Found a radiant altar of Vehumet.
  2890 | D:3      | Found a blossoming altar of Fedhas.
  2894 | D:3      | Became a worshipper of Vehumet
  3095 | D:4      | Found a stormy altar of Qazlal.
  3097 | D:4      | Noticed a water elemental
  3098 | D:4      | Noticed an air elemental
  3098 | D:4      | Noticed a fire elemental
  3139 | D:4      | Noticed Hanibal's ghost (novice DECj)
  3148 | D:4      | Noticed an ogre
  3317 | D:4      | Reached XP level 6. HP: 32/32 MP: 10/17
  3480 | D:4      | Reached skill level 1 in Fire Magic
  4021 | D:5      | Entered Level 5 of the Dungeon
  4182 | D:5      | Noticed Menkaure
  4200 | D:5      | Killed Menkaure
  4200 | D:5      | Reached skill level 1 in Fighting
  4200 | D:5      | Reached skill level 1 in Short Blades
  4200 | D:5      | Reached skill level 7 in Spellcasting
  4200 | D:5      | Reached skill level 1 in Air Magic
  4200 | D:5      | Reached XP level 7. HP: 36/38 MP: 1/19
  4209 | D:5      | Noticed Duvessa
  4306 | D:5      | Noticed Dowan
  4330 | D:5      | Killed Dowan
  4343 | D:5      | Gained mutation: You are resistant to electric shocks. [potion of beneficial mutation]
  4361 | D:5      | Killed Duvessa
  4378 | D:5      | Noticed Ordine's ghost (amateur DEWz)
  4443 | D:5      | Killed Ordine's ghost
  4710 | D:5      | Reached * piety under Vehumet
  4710 | D:5      | Offered knowledge of Sting by Vehumet.
  4920 | D:5      | Found a glowing golden altar of the Shining One.
  4922 | D:5      | Found a glowing silver altar of Zin.
  4984 | D:5      | Reached XP level 8. HP: 41/43 MP: 15/21
  5135 | D:5      | Reached skill level 8 in Spellcasting
  5342 | D:5      | Found a basalt altar of Yredelemnul.
  5431 | D:5      | You fall through a shaft for 2 floors!
  5854 | D:7      | Offered knowledge of Throw Flame by Vehumet.
  5895 | D:7      | Reached ** piety under Vehumet
  6104 | D:5      | Found an opulent altar of Gozag.
  6435 | D:6      | Reached skill level 9 in Spellcasting
  7056 | D:6      | Reached XP level 9. HP: 49/49 MP: 11/24
  7137 | D:6      | Found a staircase to the Ecumenical Temple.
  7143 | Temple   | Entered the Ecumenical Temple
  7672 | D:6      | Reached skill level 5 in Dodging
  8685 | D:7      | Offered knowledge of Static Discharge by Vehumet.
  9083 | D:8      | Found an opulent altar of Gozag.
  9159 | D:8      | Found a shimmering altar of Xom.
  9262 | D:8      | Reached skill level 10 in Spellcasting
  9566 | D:8      | Reached *** piety under Vehumet
  9773 | D:8      | Got a spiked leather armour
  9787 | D:8      | Identified the +0 leather armour of Weightlessness {rElec rN+} (You took it off an orc on level 8 of the Dungeon)
 10219 | D:9      | Offered knowledge of Ignite Poison by Vehumet.
 10224 | D:9      | Learned a level 3 spell: Ignite Poison
 10262 | D:9      | Reached skill level 5 in Fire Magic
 10262 | D:9      | Reached XP level 10. HP: 56/56 MP: 4/26
 11091 | D:10     | Entered Level 10 of the Dungeon
 11306 | D:10     | Found a staircase to the Lair.
 11390 | D:10     | Found a blossoming altar of Fedhas.
 11441 | D:10     | Reached **** piety under Vehumet
 11684 | D:10     | Noticed a tengu warrior
 11693 | D:10     | Killed a tengu warrior
 11693 | D:10     | Reached skill level 5 in Short Blades
 11693 | D:10     | Reached skill level 11 in Spellcasting
 12204 | D:10     | Reached skill level 5 in Air Magic
 12501 | D:10     | Offered knowledge of Inner Flame by Vehumet.
 12972 | D:10     | Reached XP level 11. HP: 35/61 MP: 8/28
 13291 | D:10     | Reached skill level 12 in Spellcasting
 13365 | D:10     | Noticed a centaur warrior
 13371 | D:10     | Killed a centaur warrior
 13708 | D:10     | Noticed a centaur warrior
 13716 | D:10     | Killed a centaur warrior
 14228 | D:10     | Reached skill level 1 in Shields
 14305 | D:10     | Noticed a hill giant
 14660 | D:11     | Noticed Harold
 14660 | D:11     | Noticed a seven-headed hydra
 14709 | Lair:1   | Entered Level 1 of the Lair of Beasts
 15321 | Lair:1   | Noticed Fannar
 15332 | Lair:1   | Killed Fannar
 15682 | Lair:1   | Reached ***** piety under Vehumet
 15794 | Lair:1   | Reached skill level 5 in Shields
 15853 | Lair:1   | Offered knowledge of Lee's Rapid Deconstruction by Vehumet.
 15960 | Lair:1   | Learned a level 5 spell: Lee's Rapid Deconstruction
 16198 | Lair:1   | Reached skill level 1 in Earth Magic
 16774 | Lair:1   | Noticed Urug
 16924 | Lair:1   | Killed Urug
 17006 | Lair:1   | Got a faintly glowing amber ring
 17012 | Lair:1   | Identified the ring "Panwet" {Wiz +Blink rElec rF- MR+++} (You took it off Urug on level 1 of the Lair of Beasts)
 17607 | Lair:2   | Reached XP level 12. HP: 20/67 MP: 0/30
 17816 | Lair:2   | Noticed a five-headed hydra
 17844 | Lair:2   | Reached skill level 13 in Spellcasting
 18217 | Lair:2   | Reached skill level 5 in Earth Magic
 18541 | Lair:2   | Killed a five-headed hydra
 19066 | Lair:2   | Reached skill level 5 in Fighting
 19267 | Lair:3   | Noticed a six-headed hydra
 19782 | Lair:3   | Killed a six-headed hydra
 20329 | Lair:3   | Found a staircase to the Swamp.
 21582 | Lair:4   | Offered knowledge of Poison Arrow by Vehumet.
 21641 | Lair:4   | Noticed a seven-headed hydra
 21650 | Lair:4   | Killed a seven-headed hydra
 21956 | Lair:4   | Reached skill level 14 in Spellcasting
 22611 | Lair:4   | Noticed an eight-headed hydra
 22618 | Lair:4   | Killed an eight-headed hydra
 23053 | Lair:5   | Noticed a four-headed hydra
 23066 | Lair:5   | Killed a four-headed hydra
 23066 | Lair:5   | Reached XP level 13. HP: 72/74 MP: 7/33
 23268 | Lair:5   | Found a staircase to the Snake Pit.
 23533 | Lair:5   | Noticed a seven-headed hydra
 23549 | Lair:5   | Killed a seven-headed hydra
 23569 | Lair:5   | HP: 3/74 [poisoned by a spiny frog]
 23569 | Lair:5   | HP: 1/74 [spiny frog (2)]
 23570 | Lair:5   | Succumbed to a spiny frog's poison

Vault maps used:
D:1:      minmay_arrival_plants_in_alcoves, tso_altar
D:2:      grunt_dithmenos_smoke_and_mirrors, nicolae_ru_sacrificial_ziggurat
D:3:      gammafunk_temple_overflow_wave, uniq_sigmund
D:4:      nicolae_qazlal_style_of_elements, makhleb_blood_cavern_becter
D:5:      gammafunk_temple_overflow_pools, lemuel_coloured_pillars_altar,
          first_bread, nicolae_gozag_seed_capital, uniq_duvessa, uniq_menkaure
D:6:      minmay_temple_entry_hall
D:8:      kennysheep_mini_moat, overflow_temple_1_default
D:10:     minmay_quarter_circles, lair_0_dummy, grunt_tengu_nest, fedhas_altar_4
D:11:     lemuel_flame_loot_2, minmay_door_square, uniq_nergalle, uniq_harold
Temple:   minmay_temple_curvy_8
Lair:1:   guppyfry_lair_drakes, uniq_fannar, uniq_urug
Lair:3:   minmay_swamp_entry_swarm, nicolae_volcano_entry_batcave,
          infiniplex_staircase_pool_2
Lair:4:   columned_hall_lemuel, grunt_megastairs_3
Lair:5:   minmay_snake_entry_spellcaster, uniq_maud

Action                   |  1- 3 |  4- 6 |  7- 9 | 10-12 | 13-15 || total
-------------------------+-------+-------+-------+-------+-------++-------
Melee: Dagger            |    19 |       |    54 |    84 |    14 ||   171
       Rapier            |       |       |     2 |       |       ||     2
 Cast: Magic Dart        |    98 |   107 |   449 |   782 |    22 ||  1458
       Repel Missiles    |     1 |     1 |     1 |       |       ||     3
       Mephitic Cloud    |     2 |     1 |    17 |    44 |       ||    64
       Conjure Flame     |       |     3 |    28 |    16 |       ||    47
       Blink             |       |       |    10 |    29 |     1 ||    40
       Ignite Poison     |       |       |     2 |    40 |       ||    42
       Lee's Rapid Decon |       |       |       |   106 |    21 ||   127
  Use: Scroll            |     8 |     8 |     7 |    12 |       ||    35
       Potion            |       |     1 |     2 |     4 |     1 ||     8
 Stab: Confused          |       |       |     1 |       |       ||     1
  Eat: Chunk             |     2 |     1 |    11 |    28 |       ||    42
       Meat ration       |     1 |       |       |       |       ||     1
       Fruit             |       |     1 |     1 |     4 |       ||     6
       Beef jerky        |       |       |     1 |       |       ||     1
       Bread ration      |       |       |     1 |     2 |       ||     3
       Royal jelly       |       |       |     1 |       |       ||     1
       Pizza             |       |       |       |     1 |       ||     1
